 Dungeon Crawl Stone Soup version 0.31-a0-4-gefa6de2278 (webtiles) character file.

Game seed: 12157036648495949240

49 Kenran the Ducker (level 3, 0/31 HPs)
             Began as a Gnoll Gladiator on May 4, 2023.
             Constricted to death by Terence (1 damage)
             ... on level 2 of the Dungeon.
             The game lasted 00:02:51 (1226 turns).

Kenran the Ducker (Gnoll Gladiator)                 Turns: 1226, Time: 00:02:52

Health: 0/31       AC:  6    Str: 13    XL:     3   Next: 77%
Magic:  4/4        EV:  9    Int:  7    God:
Gold:   169        SH:  4    Dex: 15    Spells: 4/4 levels left

rFire   . . .        g - +0 long sword (holy)
rCold   . . .        b - +0 buckler
rNeg    . . .        j - +0 ring mail
rPois   .            c - +0 helmet
rElec   .            (no cloak)
rCorr   .            (no gloves)
SInv    .            (no boots)
Will    .....        (no amulet)
Stlth   +            (no ring)
HPRegen 0.25/turn    (no ring)
MPRegen 0.09/turn

%: no passive effects
@: grasped by roots, constricted
A: fangs 1, strong nose, distributed training
a: no special abilities


You were on level 2 of the Dungeon.
You visited 1 branch of the dungeon, and saw 2 of its levels.

You collected 169 gold pieces.

Inventory:

Hand Weapons
 a - a +2 dagger of venom
 g - a +0 long sword of holy wrath (weapon)
Missiles
 d - 3 throwing nets (quivered)
 e - a javelin
Armour
 b - a +0 buckler (worn)
 c - a +0 helmet (worn)
 j - a +0 ring mail (worn)
Scrolls
 f - a scroll of noise {unknown}
 h - a scroll of vulnerability {unknown}
 k - a scroll of poison {unknown}
Potions
 i - a potion of curing {@q1}


   Skills:
 + Level 4.6 Fighting
 + Level 1.0 Short Blades
 + Level 6.5 Long Blades
 + Level 1.0 Axes
 + Level 1.0 Maces & Flails
 + Level 1.0 Polearms
 + Level 1.0 Staves
 + Level 1.0 Ranged Weapons
 + Level 4.6 Throwing
 + Level 1.0 Armour
 + Level 6.5 Dodging
 + Level 1.0 Stealth
 + Level 1.0 Shields
 + Level 1.0 Unarmed Combat
 + Level 1.0 Spellcasting
 + Level 0.7 Conjurations
 + Level 0.7 Hexes
 + Level 0.7 Summonings
 + Level 0.7 Necromancy
 + Level 0.7 Translocations
 + Level 0.7 Transmutations
 + Level 0.7 Fire Magic
 + Level 0.7 Ice Magic
 + Level 0.7 Air Magic
 + Level 0.7 Earth Magic
 + Level 0.7 Poison Magic
 + Level 1.0 Invocations
 + Level 1.0 Evocations


You had 4 spell levels left.
You didn't know any spells.
Your spell library was empty.

Dungeon Overview and Level Annotations

Branches:
Dungeon (2/15)

Altars:

Shops:
D:1 :

Annotations:
D:2 Terence


Innate Abilities, Weirdness & Mutations

You have very sharp teeth.
Your uncanny sense of smell can sniff out nearby items.
Your experience applies equally to all skills.


Message History

Terence zaps a wand.
The roots erupt in riotous growth!
The grasping roots grab you! The grasping roots constrict you.
You hear a shout!
It was a potion of curing.
You feel better. The grasping roots constrict you.
You escape the roots grasp.
Terence closely misses you.
You hit Terence but do no damage. You bite Terence, but do no damage.
Terence barely misses you. Terence hits you with a +0 hand axe.
You closely miss Terence.
Terence zaps a wand.
The roots erupt in riotous growth!
The grasping roots grab you!
Terence is unaffected.
The grasping roots constrict you.
You barely miss Terence. Your bite misses Terence. Terence barely misses you.
The grasping roots constrict you.
You should not fight recklessly!
You barely miss Terence. Terence hits you with a +0 hand axe.
The grasping roots constrict you.
A kobold comes into view. It is wielding a +0 club.
The grasping roots release their grip on you.
You slash Terence!
Terence is heavily wounded.
Terence hits you with a +0 hand axe.
You are too injured to fight recklessly!
You hit Terence but do no damage.
Terence is heavily wounded.
Terence bares his teeth.
Terence hits you with a +0 hand axe.
You closely miss Terence.
Terence is heavily wounded.
Terence zaps a wand.
The roots erupt in riotous growth!
The grasping roots grab you!
Terence is unaffected.
The grasping roots constrict you.
You slash Terence!
Terence is almost dead.
You block Terence's attack. The grasping roots constrict you.
* * * LOW HITPOINT WARNING * * *
Terence hits you with a +0 hand axe.
* * * LOW HITPOINT WARNING * * *
The grasping roots constrict you.
You die...

..................##.........
##................##.........
..................##.........
#####.######......###........
∆ ...........##.......#####
###.........##.......#....
..........##.....# #....
........####....####....
.......g# ##....##...###
........@...............
....###K................ ###.
#............#.... #
#............#....
....###......#.... ....#
#......#.... ....#
#......#.... #......#....


You could see Terence and a kobold.

Vanquished Creatures
  5 ball pythons
  6 endoplasms
  4 giant cockroaches
  4 hobgoblins
  4 jackals (D:1)
  4 kobolds
  A quokka (D:1)
  2 bats (D:2)
  4 frilled lizards
  5 goblins (D:1)
  5 rats
44 creatures vanquished.

Notes
Turn   | Place    | Note
-------+----------+-------------------------------------------
     0 | D:1      | Kenran the Gnoll Gladiator began the quest for the Orb.
     0 | D:1      | Reached XP level 1. HP: 20/20 MP: 1/1
    36 | D:1      | Found Wann's Book Shoppe.
    98 | D:1      | Reached XP level 2. HP: 25/26 MP: 2/2
   576 | D:1      | Reached XP level 3. HP: 31/31 MP: 3/3
   748 | D:1      | Reached skill level 1 in Invocations
  1072 | D:2      | Reached skill level 1 in Short Blades
  1072 | D:2      | Reached skill level 1 in Axes
  1072 | D:2      | Reached skill level 1 in Maces & Flails
  1072 | D:2      | Reached skill level 1 in Polearms
  1072 | D:2      | Reached skill level 1 in Staves
  1072 | D:2      | Reached skill level 1 in Ranged Weapons
  1072 | D:2      | Reached skill level 1 in Armour
  1072 | D:2      | Reached skill level 1 in Stealth
  1072 | D:2      | Reached skill level 1 in Shields
  1072 | D:2      | Reached skill level 1 in Unarmed Combat
  1072 | D:2      | Reached skill level 1 in Spellcasting
  1072 | D:2      | Reached skill level 1 in Evocations
  1216 | D:2      | Noticed Terence
  1226 | D:2      | HP: 1/31 [Terence/+0 hand axe (4)]
  1226 | D:2      | Constricted to death by Terence

Illustrated notes

Levels and vault maps discovered:
D:1:      ncdulo_wetmaze, layout_basic, serial_shops, shop
D:2:      layout_basic, uniq_terence

Skill      XL: |  1  2  3 |
---------------+----------+-----
Invocations    | 1 |  1.0
Short Blades   | 1 |  1.0
Axes           | 1 |  1.0
Maces & Flails | 1 |  1.0
Polearms       | 1 |  1.0
Staves         | 1 |  1.0
Ranged Weapons | 1 |  1.0
Armour         | 1 |  1.0
Stealth        | 1 |  1.0
Shields        | 1 |  1.0
Unarmed Combat | 1 |  1.0
Spellcasting   | 1 |  1.0
Evocations     | 1 |  1.0
Fighting       | |  4.6
Long Blades    | |  6.5
Throwing       | |  4.6
Dodging        | |  6.5
Conjurations   | |  0.7
Hexes          | |  0.7
Summonings     | |  0.7
Necromancy     | |  0.7
Translocations | |  0.7
Transmutations | |  0.7
Fire Magic     | |  0.7
Ice Magic      | |  0.7
Air Magic      | |  0.7
Earth Magic    | |  0.7
Poison Magic   | |  0.7

Action                     || total
---------------------------++-------
  Melee: Long sword        ||   121
         Bite              ||    14
    Use: Potion            ||     1
 Armour: Leather armour    ||    23
         Ring mail         ||     7
  Dodge: Dodged            ||    73
  Block: Buckler           ||     3

Table legend: (Time is in decaauts)
 A = Elapsed time spent in this place.
 B = Non-inter-level travel time spent in this place.
 C = Inter-level travel time spent in this place.
 D = Time resting spent in this place.
 E = Time spent auto-exploring this place.
 F = Levels seen in this place.
 G = Mean time per level.
                   A        B        C        D        E       F      G
               +--------+--------+--------+--------+--------+-----+--------+
         Total |   1249 |   1213 |     36 |      3 |    793 |   2 |  624.5 |
       Dungeon |   1249 |   1213 |     36 |      3 |    793 |   2 |  624.5 |
               +--------+--------+--------+--------+--------+-----+--------+

Top non-repeatable levels by time:
     D:1: 891 daAuts
     D:2: 357 daAuts
